 Dungeon Crawl Stone Soup version 0.20-a0-492-g6327889 (webtiles) character file.

296977 M4edhros the Peltast (level 20, 0/138 HPs)
             Began as an Octopode Artificer on Jan 16, 2017.
             Was the Champion of Fedhas.
             Shot with a bolt by a yaktaur captain (1 damage)
             ... on level 3 of the Vaults on Jan 17, 2017.
             The game lasted 02:26:05 (74844 turns).

M4edhros the Peltast (Octopode Artificer)          Turns: 74844, Time: 02:26:06

Health: 0/138      AC:  6    Str: 12    XL:     20   Next: 92%
Magic:  11/37      EV: 31    Int: 19    God:    Fedhas [******]
Gold:   221        SH: 16    Dex: 27    Spells: 4/39 levels left

rFire    + . .     SeeInvis +   n - +9 fustibalus (freeze)
rCold    + + +     Gourm    .   r - +2 shield of Resistance {rF+ rC+ MR+}
rNeg     . . .     Faith    .   q - amulet of regeneration
rPois    +         Spirit   .   S - ring of stealth
rElec    .         Reflect  .   B - +6 ring of intelligence
rCorr    .         Harm     .   N - +2 ring of evasion
MR       ++...                  v - ring of stealth
Stlth    +++++++++.             K - +3 ring of evasion
Regen    0.7/turn               Y - ring of wizardry
                                w - +6 ring of dexterity
                                X - ring of protection from cold

@: marked, very slightly contaminated, repel missiles
A: almost no armour, stealthy swim, amphibious, 8 rings, constrict 8, antennae
3, beak, tentacle spike 2, iridescent scales 1, molten scales 1, camouflage 1,
see invisible, cold resistance 1, high mp 1, mutation resistance 1, sense
surroundings 1, poison resistance, shaggy fur 1, gelatinous body 1
}: 2/15 runes: decaying, serpentine
a: Fungal Bloom, Evolution, Sunlight, Growth, Reproduction, Rain, Renounce
Religion


You were on level 3 of the Vaults.
You worshipped Fedhas.
Fedhas was exalted by your worship.
You were very hungry.

You visited 7 branches of the dungeon, and saw 35 of its levels.
You visited 1 bazaar.
You also visited: Bailey and Ice Cave.

You collected 8641 gold pieces.
You spent 4770 gold pieces at shops.
You paid 3650 gold pieces to Gozag.

Inventory:

Hand Weapons
 h - a +3 demon trident of freezing
 n - a +9 fustibalus of freezing (weapon)
 u - the +7 dagger "Putofa" {drain, rF+ rN+ Stlth+}
   (You bought it in a shop on level 2 of the Vaults)

   A truly terrible weapon, it drains the life of those it strikes.
   It protects you from fire.
   It protects you from negative energy.
   It makes you more stealthy.
 M - the +2 short sword "Quut" {protect, +Rage rF- Str+9}
   (You found it in a bailey)

   It protects the one who uses it against injury (+AC on strike).
   It affects your strength (+9).
   It makes you vulnerable to fire.
   It lets you go berserk.
Missiles
 e - 522 stones
 H - 176 sling bullets (quivered)
Armour
 r - the +2 shield of Resistance (worn) {rF+ rC+ MR+}
   (You acquired it on level 9 of the Dungeon)

   It protects you from fire.
   It protects you from cold.
   It affects your resistance to hostile enchantments.
Jewellery
 q - an amulet of regeneration (around mantle)
 v - a ring of stealth (on tentacle)
 w - a +6 ring of dexterity (on tentacle)
 B - a +6 ring of intelligence (right tentacle)
 K - a +3 ring of evasion (on tentacle)
 N - a +2 ring of evasion (on tentacle)
 S - a ring of stealth (left tentacle)
 X - a ring of protection from cold (on tentacle)
 Y - a ring of wizardry (on tentacle)
Wands
 d - a wand of iceblast (8/15)
 f - a wand of lightning (3/15)
 s - a wand of digging (5/24)
 z - a wand of iceblast (4/15)
 C - a wand of random effects (16/48)
 I - a wand of iceblast (2/15)
 O - a wand of disintegration (17/24)
 U - a wand of confusion (4/48)
 Z - a wand of lightning (6/15)
Scrolls
 a - 2 scrolls of blinking
 i - 3 scrolls of fog
 l - 4 scrolls of recharging
 t - 3 scrolls of fear
 y - 7 scrolls of teleportation
 G - 2 scrolls of identify
 L - a scroll of amnesia
Potions
 c - 6 potions of invisibility
 g - a potion of resistance
 j - a potion of agility
 k - 6 potions of might
 D - 4 potions of magic
 E - a potion of haste
 F - 3 potions of curing
 P - 4 potions of berserk rage
Books
 x - a book of Maledictions

   Spells                             Type                      Level
   a - Corona                         Hexes                        1
   b - Ensorcelled Hibernation        Hexes/Ice                    2
   c - Confuse                        Hexes                        3
   d - Tukima's Dance                 Hexes                        3
   e - Dazzling Spray                 Conjuration/Hexes            3
Miscellaneous
 b - a lamp of fire
 m - a phial of floods
 o - a lightning rod (4/4)
 V - 2 sacks of spiders
 W - 3 phantom mirrors
Comestibles
 p - 5 meat rations
 J - a royal jelly
 Q - 47 fruits
 R - 4 slices of pizza


   Skills:
 * Level 12.4 Fighting
 - Level 1.0 Short Blades
 - Level 14.1 Slings
 - Level 11.8 Dodging
 - Level 12.8 Stealth
 - Level 15.0 Shields
 * Level 10.4 Spellcasting
 - Level 5.7 Hexes
 + Level 3.3 Charms
 + Level 4.6 Summonings
 - Level 9.8 Transmutations
 - Level 4.5 Fire Magic
 * Level 5.3 Air Magic
 * Level 2.6 Earth Magic
 - Level 11.6 Poison Magic
 + Level 13.4 Invocations
 - Level 8.3 Evocations


You had 4 spell levels left.
You knew the following spells:

 Your Spells              Type           Power        Failure   Level  Hunger
a - Mephitic Cloud        Conj/Pois/Air  ####....     1%          3    None
b - Repel Missiles        Chrm/Air       ####..       1%          2    None
c - Regeneration          Chrm/Necr      ###.......   4%          3    None
d - Song of Slaying       Chrm           ###.....     1%          2    None
e - Ignite Poison         Fire/Tmut/Pois #####...     1%          3    None
f - Yara's Violent Unrav  Hex/Tmut       #####.....   4%          5    #####..
g - Deflect Missiles      Chrm/Air       ####......   87%         6    ######.
h - Summon Mana Viper     Hex/Summ       ####....     12%         5    #####..
i - Statue Form           Tmut/Erth      ####.....    54%         6    ######.


Dungeon Overview and Level Annotations

Branches:
Dungeon (15/15)            Temple (1/1) D:7            Lair (6/6) D:9
  Swamp (4/4) Lair:2        Snake (4/4) Lair:3        Slime (0/5) Lair:5
    Orc (2/2) D:10            Elf (0/3) Orc:2        Vaults (3/5) D:14
  Crypt (0/3) Vaults:2     Depths (0/5) D:15

Altars:
Ashenzari
Cheibriados
Dithmenos
Elyvilon
Fedhas
Gozag
Hepliaklqana
Kikubaaqudgha
Makhleb
Nemelex Xobeh
Okawaru
Qazlal
Ru
Sif Muna
Trog
Uskayaw
Vehumet
Xom
Yredelemnul
Zin
The Shining One
Jiyva

Shops:
D:8 }   D:9 *(   D:11 =(   D:12 *   D:15 !   Orc:2 [?(*   Snake:3 [
Vaults:2 [%(*

Portals:
Trove: D:15 (give 8 potions of haste)

Annotations:
Lair:5 1 runed door
Swamp:1 WhatIsLove's ghost, adept TeCj


Innate Abilities, Weirdness & Mutations

You cannot wear most types of armour.
You are very stealthy in the water. (Stealth+)
You are amphibious.
You can wear up to eight rings at the same time.
You can use your tentacles to constrict eight enemies at once.
Your skin changes colour to match your surroundings (Stealth+).
Your rubbery body absorbs attacks. (AC +1, EV +1)
You have a pair of large antennae on your head. (SInv)
You have a beak for a mouth.
One of your tentacles bears a nasty spike.
You are partially covered in iridescent scales. (AC +2)
You are partially covered in molten scales. (AC +2)
You have supernaturally acute eyesight. (SInv)
Your flesh is cold resistant. (rC+)
You have an increased reservoir of magic. (+10% MP)
You are somewhat resistant to further mutation.
You passively map a small area around you.
Your system is resistant to poisons. (rPois)
You are covered in fur. (AC +1)


Message History

The blast of cold is repelled.
The hornet stings the ice dragon but does no damage.
Quiver which item? (- for none, * to show all) (? for menu, Esc to quit)
Quivering
H - 176 sling bullets for slings.
Casting: Mephitic Cloud
Confirm with . or Enter, or press ? or * to list all spells.
Aiming: Mephitic Cloud
Press: ? - help, Shift-Dir - straight line, f/p - yaktaur captain
Aim: a yaktaur captain, wielding an arbalest of flaming (lightly wounded)
The ball explodes into a vile cloud!
The stinking cloud engulfs the yaktaur captain.
The yaktaur captain is lightly wounded.
The hornet stings the yaktaur!
The yaktaur is poisoned.
The yaktaur seems to slow down.
The yaktaur captain is engulfed in noxious fumes.
The yaktaur captain shoots a bolt.
The bolt hits you!!!
* * * LOW HITPOINT WARNING * * *
The bolt burns you.
You die...
Fedhas appreciates your contribution to the ecosystem.

* * ,,, , *
##+##############################
((...cc(.[c......................
((..(ec)((e(y((..{...............
....(cc).({c.D(....{...P.........
(./..(((..f...§≈{................
###############§###c'#####....###
#.≈≈@)§§.# #....# #(≈§≈§§§.#
#....# #P≈≈≈§§..# #....#
#......§.# #....# #........#
#....# #........# #....#
########## #....# ,


You could see an ice dragon, 2 yaktaur captains, a deep elf archer, a yaktaur
and a hornet (confused).

Vanquished Creatures
  2 tentacled monstrosities
  Gastronok (Lair:3)
  Kirke (Snake:1)
  13 nagarajas
  6 vault wardens
  A frost giant (Vaults:1)
  The ghost of Camlann the Peltast, an adept VSFi of Okawaru (Swamp:4)
  A deep elf sorcerer (Vaults:2)
  Aizul (Snake:2)
  Louise (D:14)
  5 ironheart preservers
  2 entropy weavers (Lair:5)
  A reaper (IceCv)
  5 stone giants
  A deep elf demonologist (Vaults:2)
  Nessos (Lair:6)
  2 fire dragons
  Josephine (D:15)
  2 green deaths (Swamp:4)
  2 ettins
  13 vault guards
  Harold (Lair:4)
  2 yaktaur captains
  An ice dragon (Vaults:1)
  2 great orbs of eyes
  2 rakshasas
  3 ghost crabs
  2 catoblepae
  17 hydras
  A merfolk avatar (Lair:6)
  25 naga warriors
  A death knight (D:14)
  4 centaur warriors
  An ogre mage (Vaults:2)
  20 anacondas
  12 two-headed ogres
  The ghost of M4edhros the Unseen, a journeyman OpAr of Fedhas (D:11)
  Erica (D:8)
  8 alligators
  4 orc high priests (Orc:2)
  A tengu warrior (D:14)
  19 naga sharpshooters
  A queen ant (Lair:5)
  5 shock serpents
  2 thrashing horrors (Swamp:4)
  5 deep elf knights
  5 skeletal warriors
  3 wandering mushrooms
  2 sea snakes
  5 swamp dragons
  2 flayed ghosts (Vaults:2)
  3 unseen horrors
  2 wizards
  6 salamander mystics
  A spriggan druid (Swamp:4)
  A harpy (Lair:6)
  6 ironbrand convokers
  2 deep elf archers
  2 phantasmal warriors
  Pikel (D:7)
  11 naga ritualists
  12 mana vipers
  12 orc knights
  A harpy (shapeshifter) (Vaults:2)
  14 ugly things
  4 orc sorcerers
  11 deep elf magi
  14 cyclopes
  2 wolf spiders
  4 oklob plants (D:11)
  13 salamanders
  A manticore (D:15)
  An elephant (Lair:5)
  2 ice statues (IceCv)
  7 vault sentinels
  Joseph (D:7)
  36 naga magi
  10 trolls
  7 guardian serpents
  Psyche (D:8)
  40 black mambas
  3 gargoyles
  An orange demon (Swamp:4)
  20 spiny frogs
  10 ice devils (IceCv)
  5 rime drakes
  15 komodo dragons
  4 kobold demonologists
  5 freezing wraiths
  A tengu conjurer (D:14)
  22 yaktaurs
  A polar bear (shapeshifter) (Vaults:1)
  A meliai (D:10)
  A queen bee (D:11)
  2 wind drakes (Lair:6)
  12 hornets
  5 tyrant leeches
  12 slime creatures
  13 hippogriffs
  7 polar bears
  A raiju (shapeshifter) (Vaults:3)
  12 dream sheep (Lair:4)
  18 blink frogs
  2 large abominations (Swamp:4)
  11 spriggans
  8 shadows
  5 wraiths
  36 yaks
  3 vampires (D:12)
  6 wyverns
  7 fire bats (Lair:1)
  2 hogs (Snake:1)
  3 hungry ghosts
  2 basilisks
  17 vampire mosquitoes
  5 centaurs
  3 wargs (Orc:2)
  7 insubstantial wisps (Swamp:3)
  58 nagas
  3 soldier ants (Lair:5)
  17 swamp worms
  2 acid dragons
  12 water moccasins
  12 porcupines
  3 swamp drakes
  A slave (D:7)
  A black bear (D:10)
  An eye of draining (shapeshifter) (Vaults:1)
  5 ice beasts
  2 sky beasts
  A phantom (D:12)
  An eye of draining (D:12)
  33 orc warriors
  20 ogres
  2 necrophages
  27 wolves
  A wolf (shapeshifter) (Vaults:1)
  3 boggarts (Vaults:1)
  22 crocodiles
  A crocodile (shapeshifter) (Vaults:1)
  4 big kobolds
  A gnoll sergeant (D:7)
  16 bullfrogs
  A deep troll simulacrum (Vaults:2)
  A water moccasin skeleton (D:4)
  A small abomination (Swamp:4)
  6 scorpions
  31 killer bees
  4 electric eels (Bailey)
  9 wights
  4 howler monkeys
  9 crimson imps
  3 bullfrog zombies
  6 centaur zombies
  4 jellies
  2 quasits
  21 orc priests
  8 hounds
  Crazy Yiuf (D:5)
  3 bullfrog skeletons
  22 orc wizards
  6 centaur skeletons
  2 iguanas
  Natasha (thrice) (D:2)
  34 worker ants
  3 killer bee zombies
  A hound zombie (D:6)
  2 worker ant zombies
  18 gnolls
  8 adders
  4 shadow imps
  7 white imps (IceCv)
  3 oozes
  7 ufetubi (IceCv)
  An adder zombie (D:7)
  An adder skeleton (D:8)
  2 worms
  A dart slug (D:2)
  4 leopard geckos
  96 orcs
  2 ball pythons (D:3)
  3 giant cockroaches
  13 hobgoblins
  8 jackals
  23 kobolds
  5 quokkas
  5 bats
  7 frilled lizards
  10 goblins (Bailey)
  A leopard gecko skeleton (D:5)
  A quokka zombie (D:9)
  6 rats
  5 ballistomycete spores (Snake:4)
  A fungus (D:5)
  A plant (D:9)
1416 creatures vanquished.

Vanquished Creatures (collateral kills)
  A vault warden (Vaults:1)
  3 ironheart preservers
  An ettin (Vaults:1)
  An ice dragon (shapeshifter) (D:11)
  2 vault guards (Vaults:1)
  An ice dragon (Vaults:2)
  A centaur warrior (Vaults:1)
  A death knight (Vaults:1)
  A wandering mushroom (Swamp:4)
  2 deep elf knights (Vaults:1)
  2 deep elf archers (Vaults:1)
  2 ironbrand convokers (Vaults:1)
  An orc knight (Vaults:3)
  3 ugly things
  An orc sorcerer (Vaults:1)
  3 deep elf magi (Vaults:1)
  2 salamanders
  A vault sentinel (Vaults:1)
  A hornet (Vaults:2)
  A human (shapeshifter) (Vaults:1)
  A hungry ghost (D:11)
  2 insubstantial wisps (Swamp:3)
  3 nagas
  An acid dragon (Vaults:1)
  2 orc warriors
  4 wolves (Lair:1)
  A big kobold (D:11)
  5 killer bees (D:11)
  A wight (D:11)
  An electric eel (Bailey)
  3 crimson imps
  A centaur skeleton (D:5)
  2 orcs
  A goblin (Bailey)
  A kobold (Vaults:2)
  A ballistomycete spore (Swamp:4)
  A hyperactive ballistomycete (Swamp:4)
62 creatures vanquished.

Vanquished Creatures (others)
  A ghoul (Vaults:1)
  Urug (D:11)
  10 wandering mushrooms
  A deep elf knight (Vaults:3)
  The ghost of M4edhros the Covert, a novice OpAr of Gozag (Bailey)
  A black mamba (Snake:1)
  9 bog bodies (Swamp:4)
  2 wolves (Lair:1)
  A blink frog (Swamp:4)
  A yak (D:9)
  A naga (Snake:4)
  A swamp worm (Swamp:1)
  An orc warrior (Bailey)
  An ice beast (D:7)
  A slave (D:7)
  An orc wizard (D:7)
  2 white imps (IceCv)
  3 ufetubi (IceCv)
  A ball lightning (Swamp:1)
  An orc (D:7)
  11 ballistomycetes
  12 ballistomycete spores
  28 fungi
  A hyperactive ballistomycete (Snake:4)
  26 plants
  979 toadstools
1098 creatures vanquished.

Grand Total: 2576 creatures vanquished

Notes
Turn   | Place    | Note
-------+----------+-------------------------------------------
     0 | D:1      | M4edhros the Octopode Artificer began the quest for the Orb.
     0 | D:1      | Reached XP level 1. HP: 13/13 MP: 3/3
   199 | D:2      | Reached XP level 2. HP: 18/18 MP: 4/4
   220 | D:2      | Noticed Natasha
   236 | D:2      | Noticed a crimson imp
   236 | D:2      | Killed Natasha
   236 | D:2      | Reached XP level 3. HP: 23/23 MP: 5/5
   389 | D:3      | Reached skill level 5 in Stealth
   412 | D:3      | Reached XP level 4. HP: 15/28 MP: 6/6
   540 | D:4      | Noticed an ogre
   588 | D:4      | Killed an ogre
   588 | D:4      | Reached XP level 5. HP: 33/33 MP: 7/7
   843 | D:4      | Found a sparkling altar of Nemelex Xobeh.
   916 | D:4      | Noticed an ogre
   922 | D:4      | Killed an ogre
   922 | D:4      | Reached XP level 6. HP: 38/38 MP: 8/8
  1179 | D:4      | Reached skill level 1 in Shields
  1179 | D:4      | Reached XP level 7. HP: 23/43 MP: 9/9
  1450 | D:5      | Entered Level 5 of the Dungeon
  1583 | D:5      | Killed a centaur
  1633 | D:5      | Reached skill level 2 in Shields
  1647 | D:5      | Reached XP level 8. HP: 7/51 MP: 11/11
  1803 | D:5      | Found a bloodstained altar of Trog.
  2064 | D:5      | Reached skill level 10 in Stealth
  2064 | D:5      | Reached skill level 3 in Shields
  2126 | D:5      | Found a runed door.
  2130 | D:5      | Noticed Crazy Yiuf
  2134 | D:5      | Killed Crazy Yiuf
  2174 | D:6      | Reached skill level 5 in Evocations
  2185 | D:6      | Got a dazzling dagger
  2186 | D:6      | Identified the cursed +3 dagger of Integrity {freeze, Int+4} (You found it on level 6 of the Dungeon)
  2755 | D:6      | Reached skill level 4 in Shields
  2755 | D:6      | Reached XP level 9. HP: 58/58 MP: 13/13
  2759 | D:6      | Found a sacrificial altar of Ru.
  3131 | D:7      | Noticed Joseph
  3200 | D:7      | Gained mutation: You expend magic power (3 MP) to strengthen your wands. [potion of mutation]
  3200 | D:7      | Gained mutation: Scrolls take you a little longer to read. [potion of mutation]
  3200 | D:7      | Gained mutation: Your spells are a little harder to cast, but a little more powerful. [potion of mutation]
  3220 | D:7      | Gained mutation: Your natural rate of healing is unusually fast. [potion of mutation]
  3220 | D:7      | Lost mutation: Your spells are a little harder to cast, but a little more powerful. [potion of mutation]
  3220 | D:7      | Gained mutation: One of your tentacles bears a spike. [potion of mutation]
  3232 | D:7      | Killed Joseph
  3232 | D:7      | Reached skill level 5 in Dodging
  3299 | D:7      | Reached skill level 1 in Slings
  3380 | D:7      | Noticed Pikel
  3397 | D:7      | Killed Pikel
  3397 | D:7      | Reached skill level 5 in Shields
  3419 | D:7      | Found a staircase to the Ecumenical Temple.
  3428 | Temple   | Entered the Ecumenical Temple
  3542 | Temple   | Became a worshipper of Gozag Ym Sagoz the Greedy
  4275 | D:2      | Noticed Natasha
  4290 | D:2      | Killed Natasha
  4559 | D:2      | Noticed Natasha
  4575 | D:2      | Killed Natasha
  5123 | D:3      | Found a blossoming altar of Fedhas.
  5302 | D:7      | Found a bloodstained altar of Trog.
  5365 | D:7      | Found a sparkling altar of Nemelex Xobeh.
  5373 | D:7      | Reached XP level 10. HP: 38/65 MP: 15/15
  5419 | D:7      | Reached skill level 5 in Fighting
  5758 | D:8      | Found a radiant altar of Vehumet.
  5791 | D:8      | Found a flagged portal.
  5799 | Bailey   | Entered a bailey
  5799 | Bailey   | Noticed M4edhros's ghost (novice OpAr)
  5837 | Bailey   | Your ally M4edhros died
  5869 | Bailey   | Found an iron altar of Okawaru.
  5869 | Bailey   | Noticed a kobold demonologist
  5869 | Bailey   | Noticed a kobold demonologist
  5870 | Bailey   | Noticed an orc knight
  5879 | Bailey   | Killed a kobold demonologist
  5894 | Bailey   | Killed a kobold demonologist
  5969 | Bailey   | Killed an orc knight
  6035 | Bailey   | Noticed an orc knight
  6040 | Bailey   | Killed an orc knight
  6047 | Bailey   | Reached skill level 5 in Slings
  6099 | Bailey   | Reached skill level 6 in Shields
  6448 | Bailey   | Got a jewelled short sword
  6449 | Bailey   | Identified the cursed +2 short sword "Quut" {protect, +Rage rF- Str+9} (You found it in a bailey)
  6523 | D:8      | Noticed Erica
  6528 | D:8      | Noticed Psyche
  6531 | D:8      | Killed Erica
  6531 | D:8      | Reached XP level 11. HP: 47/72 MP: 16/16
  6539 | D:8      | Killed Psyche
  6687 | D:8      | Learned a level 3 spell: Mephitic Cloud
  6690 | D:8      | Learned a level 2 spell: Repel Missiles
  6776 | D:8      | Found Zoarick's Gadget Emporium.
  7118 | D:9      | Found a staircase to the Lair.
  7250 | D:9      | Noticed a two-headed ogre
  7260 | D:9      | Killed a two-headed ogre
  7555 | D:9      | Bought a runed fustibalus for 504 gold pieces
  7691 | D:9      | Found Xefracw's Assorted Antiques.
  7698 | D:9      | Bought a scroll labeled YPTOR XUAWNIVAL for 27 gold pieces
  7698 | D:9      | Bought a scroll labeled DEKEON DEAN for 27 gold pieces
  7698 | D:9      | Bought a scroll labeled YPTOR XUAWNIVAL for 27 gold pieces
  7769 | D:9      | Reached skill level 7 in Shields
  7838 | D:9      | Found a deep blue altar of Sif Muna.
  7888 | D:9      | Found a shattered altar of Ashenzari.
  8114 | D:10     | Entered Level 10 of the Dungeon
  8617 | D:10     | Found a staircase to the Orcish Mines.
  8728 | D:10     | Noticed a red ugly thing
  8852 | D:10     | Killed a red ugly thing
  8925 | D:11     | Noticed a two-headed ogre
  8929 | D:11     | Noticed a two-headed ogre
  8938 | D:11     | Noticed Urug
  8946 | D:11     | Killed a two-headed ogre
  8946 | D:11     | Reached skill level 8 in Shields
  8946 | D:11     | Reached XP level 12. HP: 62/81 MP: 14/17
  8949 | D:11     | Killed a two-headed ogre
  8956 | D:11     | Your ally died
  9061 | D:11     | Noticed a two-headed ogre
  9082 | D:11     | Killed a two-headed ogre
  9249 | D:11     | Noticed a spark wasp
  9299 | D:11     | Noticed a two-headed ogre
  9305 | D:11     | Noticed a minotaur
  9324 | D:11     | Killed a two-headed ogre
  9331 | D:11     | Noticed an ice dragon
  9331 | D:11     | a minotaur changed into an ice dragon
  9346 | D:11     | Killed an ice dragon
  9346 | D:11     | Reached skill level 9 in Shields
  9642 | D:11     | Noticed a two-headed ogre
  9913 | D:11     | Killed a two-headed ogre
 10233 | D:11     | Reached skill level 10 in Slings
 10233 | D:11     | Reached XP level 13. HP: 89/89 MP: 18/18
 10296 | D:11     | Noticed M4edhros's ghost (journeyman OpAr)
 10311 | D:11     | Killed M4edhros's ghost
 10311 | D:11     | Reached skill level 10 in Shields
 10976 | D:12     | Found Nobiug's Blood Bar.
 12275 | D:14     | Found a snail-covered altar of Cheibriados.
 12284 | D:14     | Found a gate to the Vaults.
 12284 | D:14     | Noticed a vault guard
 12284 | D:14     | Noticed a vault guard
 12284 | D:14     | Noticed a vault guard
 12284 | D:14     | Noticed a vault guard
 12346 | D:11     | Bought a +3 ring of evasion for 315 gold pieces
 12413 | Lair:1   | Entered Level 1 of the Lair of Beasts
 12670 | Lair:1   | Reached skill level 11 in Shields
 14154 | Lair:2   | Found a staircase to the Swamp.
 14290 | Lair:2   | Reached XP level 14. HP: 97/97 MP: 19/19
 14677 | Lair:3   | Found a staircase to the Snake Pit.
 14682 | Lair:3   | Noticed Gastronok
 14695 | Lair:3   | Killed Gastronok
 14695 | Lair:3   | Reached skill level 10 in Dodging
 15487 | D:14     | Reached skill level 12 in Shields
 15755 | D:15     | Entered Level 15 of the Dungeon
 15768 | D:15     | fedhas screams to me: JOIN MY RELIGION. 32 fruits already
 15816 | D:15     | Noticed Josephine
 15896 | D:15     | Killed Josephine
 16038 | D:15     | Found a frozen archway.
 16070 | IceCv    | Entered an ice cave
 16113 | IceCv    | Reached skill level 10 in Fighting
 16682 | IceCv    | Noticed a reaper
 16819 | IceCv    | Killed a reaper
 17179 | D:15     | Found a portal to a secret trove of treasure.
 17245 | D:15     | Found a staircase to the Depths.
 17369 | D:15     | Found a shadowy altar of Dithmenos.
 18096 | D:14     | Reached XP level 15. HP: 105/105 MP: 20/20
 18170 | D:14     | Reached skill level 13 in Shields
 18488 | D:11     | Bought a +6 ring of dexterity for 877 gold pieces
 18552 | Temple   | Fell from the grace of Gozag
 18552 | Temple   | Became a worshipper of Xom of Chaos
 19066 | Temple   | XOM: divination: magic mapping
 19209 | Temple   | XOM: silly message
 19233 | Temple   | XOM: silly message
 19360 | Temple   | XOM: harmless Ice miscast
 19831 | Temple   | XOM is BORED!
 19967 | Temple   | XOM: harmless Chrm miscast
 20987 | Temple   | XOM: mild Necr miscast
 21024 | Temple   | XOM: draining
 21304 | Temple   | XOM: give mutations
 21304 | Temple   | Lost mutation: Scrolls take you a little longer to read. [Xom's mischief]
 21304 | Temple   | Gained mutation: You occasionally shout uncontrollably at your foes. [Xom's mischief]
 21304 | Temple   | Lost mutation: One of your tentacles bears a spike. [Xom's mischief]
 22350 | Temple   | XOM: harmless Chrm miscast
 22756 | Temple   | XOM: divination: magic mapping
 22785 | Temple   | XOM: mild Tmut miscast
 23103 | Temple   | XOM: mild Necr miscast
 23443 | Temple   | XOM: mild Pois miscast
 24396 | Temple   | XOM: medium Fire miscast
 24948 | Temple   | XOM: medium Chrm miscast
 25111 | Temple   | XOM is BORED!
 25111 | Temple   | XOM: medium Air miscast
 25205 | Temple   | XOM: divination: detect creatures
 25515 | Temple   | XOM: 4-stop teleportation journey
 25593 | Temple   | XOM: give mutations
 25593 | Temple   | Gained mutation: You are dopey. (Int -2) [Xom's mischief]
 25593 | Temple   | Gained mutation: You are very dopey. (Int -4) [Xom's mischief]
 25593 | Temple   | Gained mutation: Your body sometimes deteriorates upon taking damage. [Xom's mischief]
 25593 | Temple   | Lost mutation: You are very dopey. (Int -4) [Xom's mischief]
 25626 | Temple   | XOM: cloud trail
 25998 | Temple   | XOM: god gift: 21 stones
 27552 | Temple   | XOM: draining
 27599 | Temple   | XOM: cloud trail
 27674 | Temple   | XOM: divination: detect items
 28514 | Temple   | XOM: give mutations
 28514 | Temple   | Lost mutation: You are dopey. (Int -2) [Xom's mischief]
 28514 | Temple   | Gained mutation: You are clumsy. (Dex -2) [Xom's mischief]
 28925 | Temple   | XOM is BORED!
 28925 | Temple   | XOM: mild Necr miscast
 29912 | Temple   | XOM: harmless Pois miscast
 29958 | Temple   | XOM: silly message
 30053 | Temple   | XOM: harmless Air miscast
 30112 | Temple   | XOM: divination: magic mapping
 30377 | Temple   | XOM: god gift: 30 gold pieces
 31052 | Temple   | XOM: divination: detect creatures
 31636 | Temple   | XOM is BORED!
 31636 | Temple   | XOM: harmless Erth miscast
 32514 | Temple   | XOM: harmless Conj miscast
 32783 | Temple   | XOM is BORED!
 32783 | Temple   | XOM: noise
 33241 | Temple   | XOM: god gift: 19 stones
 33698 | Temple   | XOM is BORED!
 33698 | Temple   | XOM: noise
 33984 | Temple   | XOM: medium Air miscast
 34438 | Temple   | XOM: divination: detect creatures
 35093 | Temple   | XOM: god gift: book of Unlife
 35228 | Temple   | XOM: cloud trail
 35422 | Temple   | XOM is BORED!
 35422 | Temple   | XOM: mild Pois miscast
 35434 | Temple   | XOM: give mutation
 35434 | Temple   | Lost mutation: You are clumsy. (Dex -2) [Xom's grace]
 35686 | Temple   | XOM: cloud trail
 35779 | Temple   | XOM: give mutations
 35779 | Temple   | Gained mutation: You are partially covered in iridescent scales. (AC +2) [Xom's grace]
 35779 | Temple   | Gained mutation: You have a pair of small antennae on your head. [Xom's grace]
 35779 | Temple   | Gained mutation: You have a pair of antennae on your head. [Xom's grace]
 35779 | Temple   | Gained mutation: Your flesh is cold resistant. (rC+) [Xom's grace]
 36285 | Temple   | XOM: give mutation
 36285 | Temple   | Gained mutation: You are partially covered in molten scales. (AC +2) [Xom's grace]
 37495 | Temple   | XOM: mild Air miscast
 37593 | Temple   | XOM: harmless Summ miscast
 37600 | Temple   | XOM: harmless Pois miscast
 38646 | Temple   | XOM: medium Fire miscast
 38748 | Temple   | XOM is BORED!
 38748 | Temple   | XOM: noise
 38882 | Temple   | XOM: medium Chrm miscast
 39733 | Temple   | XOM: give mutations
 39733 | Temple   | Gained mutation: You are mostly covered in iridescent scales. (AC +4) [Xom's grace]
 39733 | Temple   | Gained mutation: You are agile. (Dex +2) [Xom's grace]
 39733 | Temple   | Gained mutation: One of your tentacles bears a spike. [Xom's grace]
 40440 | Temple   | XOM is BORED!
 40440 | Temple   | XOM: noise
 40988 | Temple   | XOM: scenery: create altars
 41817 | Temple   | XOM is BORED!
 41817 | Temple   | XOM: give mutations
 41817 | Temple   | Lost mutation: You occasionally shout uncontrollably at your foes. [Xom's mischief]
 41817 | Temple   | Lost mutation: You are agile. (Dex +2) [Xom's mischief]
 41817 | Temple   | Lost mutation: Your body sometimes deteriorates upon taking damage. [Xom's mischief]
 41864 | Temple   | XOM: give mutations
 41864 | Temple   | Gained mutation: Your mind is acute. (Int +2) [Xom's grace]
 41864 | Temple   | Gained mutation: One of your tentacles bears a nasty spike. [Xom's grace]
 41864 | Temple   | Gained mutation: You have a pair of large antennae on your head. (SInv) [Xom's grace]
 41864 | Temple   | Gained mutation: You are covered in fur. (AC +1) [Xom's grace]
 42158 | Temple   | XOM: divination: detect items
 42657 | Temple   | XOM: give mutations
 42657 | Temple   | Gained mutation: One of your tentacles bears a large vicious spike. [Xom's grace]
 42657 | Temple   | Gained mutation: You are agile. (Dex +2) [Xom's grace]
 42697 | Temple   | XOM: scenery: create altars
 42761 | Temple   | XOM: scenery: create altars
 43112 | Temple   | XOM: give mutations
 43112 | Temple   | Gained mutation: You are covered in thick fur. (AC +2) [Xom's grace]
 43112 | Temple   | Gained mutation: Your muscles are strong. (Str +2) [Xom's grace]
 43130 | Temple   | XOM: give mutations
 43130 | Temple   | Gained mutation: You evolve. [Xom's grace]
 43130 | Temple   | Gained mutation: You possess an exceptional clarity of mind. [Xom's grace]
 43130 | Temple   | Gained mutation: Your mind is very acute. (Int +4) [Xom's grace]
 43301 | Temple   | XOM: god gift: leather armour {god gift}
 43439 | Temple   | XOM: give mutations
 43439 | Temple   | Gained mutation: Your muscles are very strong. (Str +4) [Xom's grace]
 43439 | Temple   | Gained mutation: You rapidly evolve. [Xom's grace]
 43439 | Temple   | Gained mutation: You have a beak for a mouth. [Xom's grace]
 43710 | Temple   | XOM: god gift: potion of magic
 43756 | Temple   | XOM: divination: magic mapping
 44008 | Temple   | XOM: cloud trail
 44067 | Temple   | Lost mutation: One of your tentacles bears a large vicious spike. [evolution]
 44861 | Temple   | XOM: silly message
 45010 | Temple   | XOM: silly message
 45046 | Temple   | XOM: harmless Summ miscast
 45073 | Temple   | XOM: divination: detect items
 45453 | Temple   | XOM is BORED!
 45453 | Temple   | XOM: harmless Erth miscast
 45539 | Temple   | XOM: silly message
 45712 | Temple   | XOM: divination: detect creatures
 46096 | Temple   | XOM: scenery: create altars
 46470 | Temple   | XOM: medium Air miscast
 46940 | Temple   | XOM is BORED!
 46940 | Temple   | XOM: summons 7 hostile demons
 47435 | Temple   | XOM: summons 1 hostile demon
 47744 | Temple   | XOM: give mutation
 47744 | Temple   | Lost mutation: You expend magic power (3 MP) to strengthen your wands. [Xom's mischief]
 48340 | Temple   | XOM: noise
 48527 | Temple   | XOM: harmless Fire miscast
 48878 | Temple   | XOM: medium Ice miscast
 49170 | Temple   | XOM: harmless Erth miscast
 49445 | Temple   | XOM is BORED!
 50395 | Temple   | XOM: noise
 50414 | Temple   | XOM: severe Air miscast
 50946 | Temple   | XOM: give mutations
 50946 | Temple   | Gained mutation: You passively map a small area around you. [Xom's grace]
 50946 | Temple   | Gained mutation: Your system is resistant to poisons. (rPois) [Xom's grace]
 51579 | Temple   | XOM: harmless Air miscast
 51779 | Temple   | XOM: god gift: potion of invisibility
 51818 | Temple   | XOM: scenery: create altars
 51997 | Temple   | XOM is BORED!
 52079 | Temple   | XOM: scenery: create altars
 52272 | Temple   | XOM: give mutations
 52272 | Temple   | Gained mutation: You are robust. (+10% HP) [Xom's grace]
 52272 | Temple   | Lost mutation: You rapidly evolve. [Xom's grace]
 52272 | Temple   | Lost mutation: You evolve. [Xom's grace]
 52272 | Temple   | Gained mutation: You are somewhat resistant to further mutation. [Xom's grace]
 52272 | Temple   | Gained mutation: You have supernaturally acute eyesight. (SInv) [Xom's grace]
 52497 | Temple   | XOM: god gift: book of Frost
 52859 | Temple   | XOM: give mutations
 52859 | Temple   | Gained mutation: You have an increased reservoir of magic. (+10% MP) [Xom's grace]
 52859 | Temple   | Gained mutation: One of your tentacles bears a large vicious spike. [Xom's grace]
 52859 | Temple   | Gained mutation: You passively map the area around you. [Xom's grace]
 52877 | Temple   | XOM: scenery: create altars
 53118 | D:3      | XOM: mild Air miscast
 53163 | D:3      | XOM: mild Tloc miscast
 53176 | D:3      | Fell from the grace of Xom
 53176 | D:3      | Became a worshipper of Fedhas Madash
 54173 | Lair:4   | Noticed Harold
 54191 | Lair:4   | Killed Harold
 54199 | Lair:4   | Reached * piety under Fedhas
 54365 | Lair:4   | XOM: give mutations
 54365 | Lair:4   | Lost mutation: You possess an exceptional clarity of mind. [Xom's mischief]
 54365 | Lair:4   | Lost mutation: Your muscles are very strong. (Str +4) [Xom's mischief]
 54365 | Lair:4   | Lost mutation: You are covered in thick fur. (AC +2) [Xom's mischief]
 55093 | Lair:5   | Reached skill level 1 in Invocations
 55125 | Lair:5   | Found a runed door.
 55125 | Lair:5   | Found a viscous altar of Jiyva.
 55125 | Lair:5   | XOM: 8-stop teleportation journey
 55126 | Lair:5   | Found a staircase to the Slime Pits.
 55378 | Lair:5   | Reached ** piety under Fedhas
 55532 | Lair:5   | Identified the Compendium of the Displaced Frostbite
 55768 | Lair:5   | Learned a level 3 spell: Regeneration
 55771 | Lair:5   | Learned a level 2 spell: Song of Slaying
 55775 | Lair:5   | Learned a level 3 spell: Ignite Poison
 55776 | Lair:6   | Entered Level 6 of the Lair of Beasts
 56199 | Lair:6   | Reached skill level 1 in Poison Magic
 56366 | Lair:6   | Noticed Nessos
 56435 | Lair:6   | Killed Nessos
 56435 | Lair:6   | Reached XP level 16. HP: 121/121 MP: 24/24
 56455 | Lair:6   | Reached skill level 14 in Shields
 56488 | Lair:6   | Reached *** piety under Fedhas
 56916 | Lair:6   | XOM: cloud trail
 57266 | Orc:1    | Entered Level 1 of the Orcish Mines
 57426 | Orc:1    | XOM: enchant monster (bad)
 57595 | Orc:2    | Entered Level 2 of the Orcish Mines
 57731 | Orc:2    | XOM: harmless Chrm miscast
 57766 | Orc:2    | Reached **** piety under Fedhas
 57784 | Orc:2    | Reached skill level 1 in Spellcasting
 57784 | Orc:2    | Reached skill level 5 in Invocations
 57924 | Orc:2    | Found a burning altar of Makhleb.
 58205 | Orc:2    | Found a staircase to the Elven Halls.
 58224 | Orc:2    | XOM: noise
 58268 | Orc:2    | Reached ***** piety under Fedhas
 58318 | Orc:2    | Found Yrritt's Magic Scroll Boutique.
 58318 | Orc:2    | Found Vuuqoegh's Assorted Antiques.
 58318 | Orc:2    | Found Taenauh's Antique Weapon Shop.
 58323 | Orc:2    | Found Tafeif's Antique Armour Boutique.
 58689 | Swamp:1  | Entered Level 1 of the Swamp
 58920 | Swamp:1  | Noticed WhatIsLove's ghost (adept TeCj)
 59103 | Swamp:2  | Reached skill level 1 in Transmutations
 59256 | Swamp:2  | XOM: polymorph wandering mushroom -> shambling mangrove
 59283 | Swamp:2  | XOM: give mutations
 59283 | Swamp:2  | Lost mutation: You are agile. (Dex +2) [Xom's mischief]
 59283 | Swamp:2  | Lost mutation: Your mind is very acute. (Int +4) [Xom's mischief]
 59283 | Swamp:2  | Lost mutation: You passively map the area around you. [Xom's mischief]
 59478 | Swamp:2  | XOM: medium Divn miscast
 59486 | Swamp:2  | XOM: polymorph shambling mangrove -> oklob plant
 59700 | Swamp:2  | XOM: mild Pois miscast
 59917 | Swamp:3  | XOM: medium Air miscast
 60485 | Swamp:3  | XOM: summons 1 hostile demon
 60537 | Swamp:3  | Reached skill level 5 in Poison Magic
 60722 | Swamp:4  | Entered Level 4 of the Swamp
 61188 | Swamp:4  | Was forgiven by Gozag
 61209 | Swamp:4  | Reached XP level 17. HP: 86/128 MP: 12/25
 61224 | Swamp:4  | mollified gozag, nice!
 61296 | Swamp:4  | Noticed a tentacled monstrosity
 61310 | Swamp:4  | Killed a tentacled monstrosity
 61641 | Swamp:4  | XOM: give mutation
 61641 | Swamp:4  | Lost mutation: You are robust. (+10% HP) [Xom's mischief]
 61663 | Swamp:4  | Noticed Camlann's ghost (adept VSFi)
 61673 | Swamp:4  | XOM: noise
 61687 | Swamp:4  | Killed Camlann's ghost
 61738 | Swamp:4  | Reached skill level 5 in Transmutations
 61862 | Swamp:4  | Got a decaying rune of Zot
 61899 | Swamp:4  | XOM: medium Tmut miscast
 62256 | Snake:1  | Entered Level 1 of the Snake Pit
 62372 | Snake:1  | Noticed Kirke
 62389 | Snake:1  | Killed Kirke
 62389 | Snake:1  | Reached skill level 15 in Shields
 62625 | Snake:1  | Reached skill level 5 in Spellcasting
 62708 | Snake:1  | 47 fruits, gotta remember about them
 62752 | Snake:1  | XOM: 3-stop teleportation journey
 62927 | Snake:1  | XOM: medium Chrm miscast
 63143 | Snake:2  | Noticed Aizul
 63150 | Snake:2  | Killed Aizul
 63179 | Snake:2  | Lost mutation: One of your tentacles bears a large vicious spike. [mutagenic meat]
 63187 | Snake:2  | Lost mutation: Your muscles are strong. (Str +2) [mutagenic meat]
 63841 | Snake:2  | XOM: 1-stop teleportation journey
 64145 | Snake:2  | Reached skill level 10 in Invocations
 64361 | Snake:2  | Reached XP level 18. HP: 119/122 MP: 29/29
 64530 | Snake:2  | XOM: medium Pois miscast
 64597 | Snake:2  | XOM: give mutations
 64597 | Snake:2  | Lost mutation: Your mind is acute. (Int +2) [Xom's mischief]
 64597 | Snake:2  | Lost mutation: You are mostly covered in iridescent scales. (AC +4) [Xom's mischief]
 64636 | Snake:2  | Reached ****** piety under Fedhas
 64790 | Snake:2  | XOM: polymorph wandering mushroom -> wandering mushroom
 64797 | Snake:2  | Learned a level 5 spell: Yara's Violent Unravelling
 64992 | Snake:3  | XOM: chaos upgrade
 65161 | Snake:3  | Reached skill level 1 in Fire Magic
 65230 | Snake:3  | Reached skill level 1 in Hexes
 65281 | Snake:3  | Reached skill level 10 in Poison Magic
 65835 | Snake:3  | XOM: confusion
 65835 | Snake:3  | Was forgiven by Xom
 66331 | Snake:3  | Found Fozasm's Antique Armour Shop.
 67463 | Snake:4  | Entered Level 4 of the Snake Pit
 67924 | Snake:4  | Reached XP level 19. HP: 94/127 MP: 9/33
 68191 | Snake:4  | Got a serpentine rune of Zot
 68910 | Snake:4  | 51 fruits.
 68910 | Snake:4  | why don't i use them!!!
 68917 | Snake:4  | Learned a level 6 spell: Deflect Missiles
 68923 | Snake:4  | Learned a level 5 spell: Summon Mana Viper
 69531 | D:14     | Noticed Louise
 69547 | D:14     | Killed Louise
 69702 | Vaults:1 | Entered Level 1 of the Vaults
 69807 | Vaults:1 | Reached skill level 1 in Summonings
 69932 | Vaults:1 | Reached skill level 5 in Hexes
 70307 | Vaults:1 | Reached XP level 20. HP: 133/135 MP: 23/36
 70783 | Vaults:1 | Reached skill level 1 in Air Magic
 70799 | Vaults:1 | Reached skill level 1 in Charms
 71167 | Vaults:1 | Identified the Compendium of Augmentations and Poison
 71589 | Vaults:2 | Found Kyhuge's Antique Armour Shoppe.
 71601 | Vaults:2 | Found a flickering gateway to a bazaar.
 71615 | Bazaar   | Entered a bazaar
 71632 | Bazaar   | Found Vowiq's Weapon Shoppe.
 71632 | Bazaar   | Found Nuadal's Book Emporium.
 71657 | Bazaar   | Found Xubudech's Gadget Shoppe.
 71657 | Bazaar   | Found Yfriatzi's Antique Armour Emporium.
 71680 | Bazaar   | Found Bupitolo's General Store.
 71685 | Bazaar   | Bought a scroll of teleportation for 42 gold pieces
 71685 | Bazaar   | Bought a scroll of identify for 28 gold pieces
 71736 | Bazaar   | Bought a sack of spiders for 160 gold pieces
 71736 | Bazaar   | Bought a phantom mirror for 240 gold pieces
 71738 | Bazaar   | Bought a wand of iceblast (8/15) for 96 gold pieces
 71752 | Bazaar   | Bought a book of Transfigurations for 495 gold pieces
 71759 | Bazaar   | Learned a level 6 spell: Statue Form
 71759 | Bazaar   | Bought a book of Annihilations for 993 gold pieces
 71759 | Bazaar   | Bought a book of Summonings for 630 gold pieces
 71890 | Vaults:2 | Lost mutation: Your natural rate of healing is unusually fast. [mutagenic meat]
 72459 | Vaults:2 | Found Wysoig's Antique Weapon Shoppe.
 72729 | Vaults:2 | Bought a pitted dagger for 147 gold pieces
 72729 | Vaults:2 | Identified the +7 dagger "Putofa" {drain, rF+ rN+ Stlth+} (You bought it in a shop on level 2 of the Vaults)
 72760 | Vaults:2 | Found Bahej's General Store.
 72763 | Vaults:2 | Bought a scroll of teleportation for 54 gold pieces
 72763 | Vaults:2 | Bought a scroll of identify for 36 gold pieces
 72763 | Vaults:2 | Bought a potion of might for 72 gold pieces
 73167 | Vaults:2 | Found a staircase to the Crypt.
 73263 | Vaults:2 | Found Riet Nulil's Food Boutique.
 73420 | Vaults:2 | Reached skill level 10 in Spellcasting
 73813 | Vaults:2 | Reached skill level 1 in Earth Magic
 74257 | Vaults:3 | Identified Uhuapn's Compendium of Flying Earth
 74339 | Vaults:3 | Reached skill level 5 in Air Magic
 74844 | Vaults:3 | HP: 1/138 [yaktaur captain/bolt (47)]
 74844 | Vaults:3 | Shot with a bolt by a yaktaur captain

Vault maps used:
D:1:      lightli_iron_boxes
D:2:      serial_glass, glass_columns_c, glass_columns_a, uniq_natasha
D:3:      lemuel_coloured_pillars_altar
D:4:      nemelex_xobeh_ov_fountains_minmay, minmay_misc_feat_rows
D:5:      first_bread, trog_butcher_becter, uniq_crazy_yiuf_cottage
D:6:      nicolae_overflow_hidden_temple
D:7:      bloody_trog, nemelex_dance_club_becter, uniq_pikel, uniq_joseph
D:8:      lemuel_crystal_altar, serial_shops, kennysheep_little_box,
          enter_bailey_2, grunt_pizzeria, solitary_fountain, uniq_psyche,
          uniq_erica
D:9:      ashenzari_altar_1, minmay_lair_entry_grove, serial_shops, shop,
          led_sif_pool
D:10:     minmay_blocky_corners, serial_corexii_hall, corexii_hall_statues_l,
          corexii_hall_statues_deadend
D:11:     hangedman_what_comes_after_a, uniq_urug
D:12:     guppyfry_shop_blood
D:13:     nicolae_two_hexagons
D:14:     lightli_vaults_fourway_checkpoint, bh_chokoban, basic_altar,
          uniq_louise
D:15:     grunt_enter_depths_snipers, portal_ice_cave_entry_pillars_1,
          nicolae_trove_entry_columns, nicolae_dithmenos_the_darkroom,
          billiards_dpeg, uniq_josephine
Temple:   regret_index_temple_waves
Lair:1:   grunt_forest_large_clearings
Lair:2:   swamp_mist
Lair:3:   dummy_snake_entry, beast_lair_carwin_9, uniq_gastronok
Lair:4:   infiniplex_staircase_pool, grunt_megastairs_2, uniq_harold
Lair:5:   slime_altar_2, minmay_another_anthill, grunt_megastairs_1
Lair:6:   gammafunk_lair_ancient_temple, uniq_nessos
Swamp:1:  cheibrodos_swamp_sealed, evilmike_swamp_ruin_house_1,
          nicolae_swamp_very_dense_foliage
Swamp:2:  hangedman_swamp_cone, swamp_pool2
Swamp:3:  evilmike_swamp_ruin_house_2
Swamp:4:  swamp_vile
Snake:1:  lemuel_fruit_tree, uniq_kirke
Snake:2:  uniq_aizul
Snake:3:  kennysheep_snake, serial_shops, shop, spider_trap,
          nicolae_coiled_stairwell_up, serial_bayou_shore_b
Snake:4:  snake_pit, eino_curves_03
Orc:1:    serial_shops
Orc:2:    st_orc_mages, bloody_makhleb
Vaults:1: vaults_dpeg_cross, nicolae_vaults_network_square, st_greater_box_5,
          vaults_mumra_chevron, grunt_vaults_focal, nicolae_vaults_asterisk,
          vaults_dpeg_ring, vaults_dpeg_diagonal, nicolae_vaults_three_branches,
          nicolae_vaults_little_squares_6, v_alt_pattern_5,
          vaults_dpeg_encased_lava
Vaults:2: st_lines, hangedman_vaults_locks, nicolae_vaults_asterisk,
          v_pattern_1, vaults_room_stairs_pillars, v_misc_9,
          nicolae_vaults_mini_display_case, grunt_vaults_funnel,
          dummy_crypt_entry, serial_shops, bzr_entry_customers,
          nicolae_shop_window_shopping, nicolae_shop_behind_doors, shop, shop
Vaults:3: st_cells, nicolae_vaults_network_star, nicolae_vaults_what_the_h,
          vaults_room_pool, nicolae_vaults_little_squares_1,
          vaults_room_door_ring, vaults_mumra_hex, grunt_vaults_hallway_long,
          nicolae_vaults_alarming
Bazaar:   bazaar_short_row
Bailey:   bailey_axe_of_yendor_kennysheep, bailey
IceCv:    ice_cave_small_demon

Skill      XL: |  1  2  3  4  5  6  7  8  9 10 11 12 13 14 15 16 17 18 19 20 |
---------------+-------------------------------------------------------------+-----
Stealth        | 3 4 5 7 9 10 11 12 | 12.8
Shields        | 1 2 4 5 6 8 9 11 12 13 14 15 | 15.0
Fighting       | 2 3 4 5 7 8 9 10 11 12 | 12.4
Dodging        | 3 4 5 6 7 8 9 10 11 | 11.8
Evocations     | 4 5 6 7 8 |  8.3
Slings         | 3 5 8 10 11 13 14 | 14.1
Invocations    | 4 7 10 11 12 13 | 13.4
Poison Magic   | 2 6 9 10 11 | 11.6
Spellcasting   | 3 6 7 9 10 | 10.4
Transmutations | 3 7 9 |  9.8
Fire Magic     | 3 4 |  4.5
Hexes          | 3 5 |  5.7
Summonings     | 2 4 |  4.6
Air Magic      | 5 |  5.3
Charms         | 3 |  3.3
Earth Magic    | 2 |  2.6
Short Blades   | |  1.0

Action                   |  1- 3 |  4- 6 |  7- 9 | 10-12 | 13-15 | 16-18 | 19-21 || total
-------------------------+-------+-------+-------+-------+-------+-------+-------++-------
Melee: Short sword       |    25 |    16 |       |   151 |    12 |   118 |       ||   322
       Tentacles         |     4 |    11 |    65 |   102 |     8 |    49 |    24 ||   263
       Constrict         |     5 |    13 |    67 |    75 |     3 |     6 |     6 ||   175
       Spear             |       |    53 |    91 |    19 |       |       |       ||   163
       Dagger            |       |       |   216 |   220 |       |       |    15 ||   451
       Kick              |       |       |    43 |   163 |    13 |    78 |    35 ||   332
       Fustibalus        |       |       |       |       |     9 |     3 |       ||    12
       Peck              |       |       |       |       |       |    44 |    25 ||    69
       Demon trident     |       |       |       |       |       |       |    54 ||    54
 Fire: Fustibalus        |       |       |       |   371 |  1830 |  2161 |  1308 ||  5670
 Cast: Mephitic Cloud    |       |       |       |     5 |     1 |     9 |    43 ||    58
       Repel Missiles    |       |       |       |     1 |     2 |     8 |     7 ||    18
       Regeneration      |       |       |       |       |       |    15 |    13 ||    28
       Song of Slaying   |       |       |       |       |       |     3 |     1 ||     4
       Ignite Poison     |       |       |       |       |       |       |     6 ||     6
Invok: Call Merchant     |       |       |       |     1 |     3 |       |       ||     4
       Potion Petition   |       |       |       |     1 |       |       |       ||     1
       Fungal Bloom      |       |       |       |       |    43 |   160 |    61 ||   264
       Evolution         |       |       |       |       |       |     9 |    13 ||    22
       Reproduction      |       |       |       |       |       |     5 |     4 ||     9
       Rain              |       |       |       |       |       |     4 |     2 ||     6
       Growth            |       |       |       |       |       |       |     1 ||     1
 Abil: Evoke Berserk Rag |       |       |       |     1 |     1 |     1 |       ||     3
Evoke: Wand              |       |    11 |    26 |    25 |    31 |    29 |     5 ||   127
       Sack of spiders   |       |       |       |     1 |       |       |       ||     1
       Lightning rod     |       |       |       |       |     4 |    12 |     4 ||    20
       Lamp of fire      |       |       |       |       |     1 |     2 |     1 ||     4
       Phial of floods   |       |       |       |       |       |       |     1 ||     1
  Use: Scroll            |       |       |     2 |    18 |     8 |    12 |     9 ||    49
       Potion            |       |       |     9 |     8 |       |     4 |     7 ||    28
 Stab: Sleeping          |     5 |     9 |    36 |    19 |     1 |     4 |     6 ||    80
       Confused          |       |     1 |       |     3 |       |     4 |       ||     8
       Distracted        |       |       |     2 |     6 |       |     1 |     1 ||    10
       Invisible         |       |       |       |     3 |       |       |       ||     3
  Eat: Chunk             |       |     1 |     7 |       |       |    15 |    26 ||    49
       Pizza             |       |       |     2 |     3 |     5 |       |       ||    10
       Meat ration       |       |       |     1 |     1 |    14 |     4 |     1 ||    21
       Bread ration      |       |       |       |     2 |     9 |     3 |     2 ||    16
       Royal jelly       |       |       |       |     1 |    10 |       |       ||    11
       Beef jerky        |       |       |       |       |     3 |     3 |     1 ||     7
Armor: Skin              |     4 |     2 |     9 |    11 |    18 |    26 |    11 ||    81
Dodge: Dodged            |    11 |    34 |   152 |   310 |   438 |   591 |   266 ||  1802
       Deflected         |       |       |       |     2 |     3 |    12 |    19 ||    36
Block: Buckler           |     2 |     8 |    46 |    60 |       |       |       ||   116
       Shield            |       |       |       |   149 |   436 |   697 |   351 ||  1633
